AoeStats
← Redhead

MegaRandom

509698045Analyzed
3v3 RM · 4d ago on Sep 27, 2026· 55m 53s· 6 players
Game mode
Random Map
Map size
Normal (6 player)
Population
200
Speed
Normal
Resources
Standard
Victory
Conquest
Starting age
Dark Age
Ending age
Imperial Age
RankedLock teamsTeams togetherTeam positionsShared explorationLock speedFull tech treeHidden civsTurbo modeCheats
Victory
Defeat
🇳🇱 Franks · Netherlands
1152
+17
🇳🇱 Ethiopians · Netherlands
1141
+17
🇳🇱 Magyars · Netherlands
1133
+18
🇦🇺 Byzantines · Australia
1235
-20
🇹🇷 Mongols · Türkiye
1202
-19
🇭🇰 Chinese · Hong Kong SAR China
1073
-13
Victor
8:35 Loom
10:58 Feudal Age
15:34 Double-Bit Axe
21:51 Castle Age
20:24 Horse Collar
21:56 Scale Barding Armor
25:17 Bloodlines
25:08 Husbandry
28:48 Gold Mining
33:14 Wheelbarrow
34:30 Corvinian Army
35:32 Bow Saw
42:35 Heavy Plow
43:46 Chain Barding Armor
51:28 Town Watch
Kees Harakir!
4:47 Loom
10:01 Feudal Age
10:40 Double-Bit Axe
13:17 Fletching
13:27 Padded Archer Armor
32:27 Castle Age
36:04 Scale Mail Armor
36:14 Forging
36:46 Squires
44:08 Town Watch
49:36 Bow Saw
50:04 Iron Casting
49:44 Chain Mail Armor
51:35 Horse Collar
54:03 Wheelbarrow
Redhead
7:56 Loom
10:17 Feudal Age
12:50 Double-Bit Axe
17:58 Castle Age
18:40 Scale Barding Armor
18:46 Forging
21:15 Gold Mining
22:39 Husbandry
25:06 Chain Barding Armor
25:17 Town Watch
27:22 Squires
27:29 Pikeman
28:46 Iron Casting
29:38 Scale Mail Armor
33:13 Town Patrol
33:49 Wheelbarrow
37:47 Murder Holes
41:25 Imperial Age
42:33 Cavalier
49:42 Siege Engineers
53:22 Halberdier
Dickus Giganticus
0:29 Loom
10:38 Feudal Age
13:14 Double-Bit Axe
16:55 Forging
17:40 Scale Barding Armor
19:54 Fletching
20:49 Gold Mining
22:04 Padded Archer Armor
22:58 Horse Collar
27:41 Castle Age
28:25 Bodkin Arrow
27:55 Crossbowman
29:19 Gold Shaft Mining
28:47 Heavy Plow
28:59 Bow Saw
29:28 Wheelbarrow
30:52 Elite Skirmisher
31:47 Thumb Ring
33:23 Ballistics
36:44 Leather Archer Armor
38:03 Fishing Lines
40:16 Hand Cart
44:22 Scale Mail Armor
43:45 Pikeman
45:14 Squires
47:57 Iron Casting
47:38 Chain Mail Armor
Arfah
6:24 Loom
8:54 Feudal Age
15:39 Double-Bit Axe
18:11 Scale Barding Armor
19:19 Horse Collar
24:01 Wheelbarrow
25:58 Castle Age
24:37 Wheelbarrow
24:05 Gold Mining
24:42 Stone Mining
26:29 Forging
26:46 Husbandry
27:33 Bow Saw
28:49 Chain Barding Armor
29:28 Iron Casting
29:59 Fishing Lines
30:30 Heavy Plow
44:46 Imperial Age
45:03 Fortified Wall
45:11 Heavy Camel Rider
48:23 Guilds
badeMJoon
9:18 Feudal Age
10:11 Double-Bit Axe
11:09 Bloodlines
13:20 Forging
17:15 Horse Collar
21:41 Castle Age
20:21 Loom
20:29 Gold Mining
22:17 Scale Barding Armor
28:51 Pikeman
31:08 Heavy Plow
31:58 Bow Saw
32:40 Chain Barding Armor
33:39 Iron Casting
33:59 Light Cavalry
34:50 Husbandry
41:07 Stone Mining
44:51 Imperial Age
42:47 Fortified Wall
45:36 Hussar
49:54 Blast Furnace
Connection lost

Rejoining the realm…

Still unreachable

The connection could not be restored.

Session expired

The server has moved on; the page needs a fresh start.